 Dungeon Crawl Stone Soup version 0.27.1-2-g3b301248ec (webtiles) character file.

Game seed: 9116581471869711644

413 nxtlvl the Chopper (level 7, -4/50 (52) HPs)
             Began as a Formicid Monk on Sept 24, 2021.
             Was a Follower of Uskayaw.
             Killed from afar by Joseph (10 damage)
             ... with an iceblast
             ... on level 8 of the Dungeon.
             The game lasted 00:18:54 (2272 turns).

nxtlvl the Chopper (Formicid Monk)                  Turns: 2272, Time: 00:18:55

HP:   -4/50 (52)    AC: 11    Str: 14 (15) XL:     7   Next: 14%
MP:   7/7           EV:  6    Int: 14 (16) God:    Uskayaw [*.....]
Gold: 131           SH:  0    Dex: 15      Spells: 6/6 levels left

rFire    . . .     SeeInvis +   a - +1 hand axe
rCold    + . .     Faith    .   (no shield)
rNeg     . . .     Spirit   .   c - +0 chain mail
rPois    .         Reflect  .   (helmet unavailable)
rElec    .         Harm     .   (no cloak)
rCorr    .         Rampage  .   d - +2 pair of gloves
Will     .....                  (no boots)
Stlth    ..........             h - amulet of regeneration
HPRegen  1.16/turn              b - ring of protection from cold
MPRegen  0.10/turn              o - +6 ring of intelligence

@: lightly drained
A: permanent stasis, dig shafts and tunnels, antennae 3, four strong arms
a: Dig, Shaft Self, Renounce Religion, Stomp


You were on level 8 of the Dungeon.
You worshipped Uskayaw.
Uskayaw was noncommittal.
You visited 2 branches of the dungeon, and saw 9 of its levels.

You collected 131 gold pieces.

Inventory:

Hand Weapons
 a - a +1 hand axe (weapon)
Missiles
 f - 8 javelins
 p - 37 arrows
 s - a throwing net
Armour
 c - a +0 chain mail (worn)
 d - a +2 pair of gloves (worn)
Jewellery
 b - a ring of protection from cold (left hand)
 h - an amulet of regeneration (around neck)
 o - a +6 ring of intelligence (right hand)
Scrolls
 g - 2 scrolls of identify {unknown}
 k - 2 scrolls of teleportation {unknown}
Potions
 e - a potion of magic
 i - a potion of haste
 j - 2 potions of cancellation
 l - a potion of mutation {unknown}


   Skills:
 - Level 3.2 Fighting
 * Level 7.5 Axes
 - Level 2.6 Dodging
 - Level 2.4 Stealth


You had 6 spell levels left.
You didn't know any spells.
Your spell library was empty.

Dungeon Overview and Level Annotations

Branches:
Dungeon (8/15)             Temple (1/1) D:6
   Lair: D:8-11

Altars:
Cheibriados
Dithmenos
Elyvilon
Fedhas
Gozag
Hepliaklqana
Kikubaaqudgha
Makhleb
Nemelex Xobeh
Okawaru
Qazlal
Ru
Trog
Uskayaw
Wu Jian
Xom
Zin
The Shining One

Annotations:
D:4 Pikel
D:5 Ijyb
D:8 Joseph


Innate Abilities, Weirdness & Mutations

You cannot be hasted, slowed, berserked, paralysed or teleported.
You can dig through walls and to a lower floor.
You have a pair of large antennae on your head. (SInv)
Your four strong arms can wield two-handed weapons with a shield.


Message History

The stone hits you but does no damage.
The kobold brigand throws a poisoned dart.
The poisoned dart hits you!
You are more poisoned.
You dig through the rock wall.
You feel very sick. The orc hits you but does no damage.
You dig through the rock wall.
You feel very sick.
You dig through the rock wall.
You feel sick.
You dig through the rock wall.
A kobold comes into view. It is wielding a +0 dagger.
Found a scroll labelled ARPHOA ICUISK.
You feel sick.
The kobold shouts!
You retract your mandibles.
You feel sick.
You feel sick.
You feel sick.
You see here a scroll labelled ARPHOA ICUISK.
A kobold brigand comes into view.
It is wielding a +0 short sword and quivering poisoned darts.
You feel sick.
The kobold brigand shouts!
A kobold comes into view.
It is wielding a +0 whip and quivering poisoned darts.
Found an escape hatch in the ceiling.
You feel sick.
You feel sick.
You are no longer poisoned.
Joseph zaps a wand.
The mass of ice explodes!
The iceblast engulfs you! You partially resist.
The iceblast engulfs the orc!
The orc dies!
The orc wizard gestures wildly while chanting.
The orc wizard flickers and vanishes for a moment.
Joseph unwields a +0 spectral quarterstaff.
Joseph wields a +0 hunting sling.
Joseph shoots a sling bullet.
The sling bullet hits you!!
* * * LOW HITPOINT WARNING * * *
Joseph zaps a wand.
The mass of ice explodes!
The iceblast engulfs you! You partially resist.
* * * LOW HITPOINT WARNING * * *
Joseph zaps a wand.
The mass of ice explodes!
The iceblast engulfs you! You partially resist.
You die...

. ##. #.. ########
## #.## #......#...
#..# #..........
#..#######..........
#..?KKz@....@...#..
##.###z###..######
##K.###{###.##
#.#.{.{{{.K.#
#K#.{.{{..<.#
#.#c.{......#
##.#o.......#
##.........#
##z##......


You could see Joseph, 2 wights and 2 kobolds.

Vanquished Creatures
  A wyvern zombie (D:6)
  A wyvern skeleton (D:6)
  A bullfrog zombie (D:6)
  A jelly (D:4)
  A hound (D:6)
  A gnoll shaman (D:6)
  2 adders
  9 gnolls
  A shadow imp (D:3)
  2 white imps
  A worm (D:3)
  An orc (D:5)
  3 bats
  6 endoplasms
  A giant cockroach (D:5)
  2 goblins
  A hobgoblin (D:2)
  6 jackals (D:1)
  4 kobolds
  4 quokkas
  3 ball pythons
  2 frilled lizards
  5 rats
59 creatures vanquished.

Vanquished Creatures (others)
  An orc (D:8)
1 creature vanquished.

Grand Total: 60 creatures vanquished

Notes
Turn   | Place    | Note
-------+----------+-------------------------------------------
     0 | D:1      | nxtlvl the Formicid Monk began the quest for the Orb.
     0 | D:1      | Reached XP level 1. HP: 18/18 MP: 1/1
   264 | D:1      | Reached XP level 2. HP: 21/24 MP: 2/2
   442 | D:2      | Found a burning altar of Makhleb.
   475 | D:2      | Reached skill level 4 in Axes
   475 | D:2      | Reached XP level 3. HP: 29/29 MP: 3/3
   830 | D:3      | Reached XP level 4. HP: 20/35 MP: 4/4
   871 | D:3      | Reached skill level 5 in Axes
  1173 | D:3      | Noticed an ogre
  1281 | D:4      | Reached XP level 5. HP: 41/41 MP: 5/5
  1440 | D:4      | Noticed Pikel
  1440 | D:4      | Noticed a lemure
  1458 | D:5      | Entered Level 5 of the Dungeon
  1482 | D:5      | Noticed a water moccasin
  1525 | D:5      | You fall into a shaft and drop 2 floors!
  1593 | D:7      | Noticed a black bear
  1800 | D:6      | Reached skill level 6 in Axes
  1800 | D:6      | Reached XP level 6. HP: 13/47 MP: 6/6
  1848 | D:6      | Found a staircase to the Ecumenical Temple.
  1866 | Temple   | Entered the Ecumenical Temple
  1880 | Temple   | Became a worshipper of Uskayaw the Reveller
  1880 | Temple   | Reached * piety under Uskayaw
  1943 | D:6      | Reached ** piety under Uskayaw
  1949 | D:6      | Reached *** piety under Uskayaw
  1953 | D:6      | Reached **** piety under Uskayaw
  1970 | D:6      | Reached ***** piety under Uskayaw
  2000 | D:6      | Reached skill level 7 in Axes
  2096 | D:6      | Reached XP level 7. HP: 38/52 MP: 7/7
  2180 | D:5      | Noticed Ijyb
  2180 | D:5      | Noticed a water moccasin
  2198 | D:5      | You fall into a shaft and drop 3 floors!
  2249 | D:8      | Noticed Joseph
  2272 | D:8      | Killed from afar by Joseph

Illustrated notes

Levels and vault maps discovered:
D:1:      wheals_arrival_linesprint, layout_rooms
D:2:      layout_loops_corners, basic_altar
D:3:      layout_loops_ring
D:4:      layout_loops_ring, uniq_pikel
D:5:      layout_basic, uniq_ijyb
D:6:      layout_loops_ring, mainiacjoe_overflow_swirl, vehumet_statue,
          minmay_temple_entry_glass, minmay_door_square
D:7:      layout_basic
D:8:      layout_rooms, kennysheep_little_box, david_lair_shrubbed,
          ebering_ghost_xom, uniq_joseph, uniq_prince_ribbit1
Temple:   compressed_dpeg_circular_temple

Skill      XL: |  1  2  3  4  5  6 |
---------------+-------------------+-----
Axes           | 4 5 6 7 |  7.5
Fighting       | |  3.2
Dodging        | |  2.6
Stealth        | |  2.4

Action                   |  1- 3 |  4- 6 |  7- 9 || total
-------------------------+-------+-------+-------++-------
Melee: Hand axe          |    97 |   269 |    16 ||   382
 Abil: Dig               |     8 |    11 |     7 ||    26
       Shaft Self        |       |     1 |     1 ||     2
  Use: Potion            |       |     8 |       ||     8
       Scroll            |       |     3 |       ||     3
 Stab: Invisible         |       |     2 |       ||     2
       Paralysed         |       |     3 |       ||     3
Armor: Chain mail        |    52 |   150 |    14 ||   216
Dodge: Dodged            |    36 |   107 |     4 ||   147
